 Dungeon Crawl Stone Soup version 0.17-a0-1685-g57e755e (webtiles) character file.

229 karlkraus the Shield-Bearer (level 5, -2/47 HPs)
             Began as a Minotaur Fighter on Aug 19, 2015.
             Slain by a gnoll (5 damage)
             ... on level 3 of the Dungeon.
             The game lasted 00:05:39 (1585 turns).

karlkraus the Shield-Bearer (Minotaur Fighter)      Turns: 1585, Time: 00:05:39

Health: -2/47      AC:  8    Str: 21    XL:     5   Next: 71%
Magic:  13/13      EV:  8    Int:  5    God:
Gold:   196        SH: 10    Dex: 10    Spells: 0 memorised, 4 levels left

rFire  . . .     SeeInvis .     a - +0 flail
rCold  . . .     Clarity  .     b - +0 scale mail
rNeg   . . .     SustAt   .     c - +0 shield
rPois  .         Gourm    +     (helmet restricted)
rElec  .         Spirit   .     (no cloak)
rCorr  .         Warding  .     n - +0 pair of gloves
rMut   .         Stasis   .     (no boots)
MR     .....                    m - amulet of the gourmand
Stlth  ..........               (no ring)
                                t - ring of magical power

@: not resistant to hostile enchantments, extremely unstealthy
A: retaliatory headbutt, horns 2
a: no special abilities


You were on level 3 of the Dungeon.
You were not hungry.

You visited 1 branch of the dungeon, and saw 3 of its levels.

You collected 196 gold pieces.

Inventory:

Hand weapons
 a - a +0 flail (weapon)
Armour
 b - a +0 scale mail (worn)
 c - a +0 shield (worn)
 n - a +0 pair of gloves (worn)
Jewellery
 m - an amulet of the gourmand (around neck)
 t - a ring of magical power (left hand)
Scrolls
 f - a scroll of enchant weapon {unknown}
 g - 3 scrolls of remove curse
 k - 4 scrolls of identify {unknown}
 o - a scroll of recharging {unknown}
 r - a scroll of noise {unknown}
 u - a scroll of amnesia {unknown}
Potions
 d - a potion of might
 l - a potion of cure mutation {unknown}
 q - a potion of curing {unknown}
 s - a potion of agility {unknown}
Comestibles
 e - 4 bread rations
 h - 4 fruits
 i - 3 slices of pizza
 j - 3 beef jerkies
 p - a royal jelly


   Skills:
 + Level 4.3 Fighting
 + Level 3.8 Maces & Flails
 + Level 4.5 Armour
 + Level 2.2 Dodging
 + Level 0.1 Stealth
 + Level 5.4 Shields


You had 4 spell levels left.
You didn't know any spells.

Dungeon Overview and Level Annotations

Branches:
Dungeon (3/15)

Altars:


Innate Abilities, Weirdness & Mutations

You reflexively headbutt those who attack you in melee.
You have a pair of horns on your head.


Message History

You closely miss the gnoll.
The gnoll is heavily wounded.
You block the gnoll's attack.
You barely miss the gnoll.
The gnoll is heavily wounded.
You block the gnoll's attack.
You sock the gnoll!
You kill the gnoll!
You block the gnoll's attack.
The gnoll hits you from afar with a halberd.
* * * LOW HITPOINT WARNING * * *
You closely miss the gnoll. You headbutt the gnoll!
The gnoll is severely wounded.
You block the gnoll's attack.
The gnoll hits you from afar with a halberd!
* * * LOW HITPOINT WARNING * * *
Your shield and scale mail prevent you from hitting the gnoll.
The gnoll is severely wounded.
The gnoll hits you.
You die...

######.........######............
#### #.........# #............
...# #.........# #.......#####
##.###.........# #.......#
#.............# #.......#
#)............# #########
#.............#
##.........##.######### ###
#.........##..@gg..... ...
#.##......##.########. .##
#..#......##.# #[
####.#......##.# #.
#.........####.# ##.#.##
#.........# #.# .......
#.........# #.. ...#.##
#.........# ... #.........#


You could see 2 gnolls.

Vanquished Creatures
  An ogre (D:3)
  Terence (D:2)
  Natasha (twice) (D:2)
  An adder (D:3)
  2 gnolls (D:3)
  An adder zombie (D:1)
  A worm (D:2)
  2 giant geckos (D:2)
  4 bats
  6 giant cockroaches
  6 goblins
  6 hobgoblins
  5 kobolds
  A quokka (D:3)
  A ball python (D:1)
  2 giant newts
  A quokka zombie (D:1)
  6 rats (D:1)
49 creatures vanquished.

Notes
Turn   | Place    | Note
--------------------------------------------------------------
     0 | D:1      | karlkraus the Minotaur Fighter began the quest for the Orb.
     0 | D:1      | Reached XP level 1. HP: 19/19 MP: 0/0
    65 | D:1      | Reached skill level 4 in Shields
    82 | D:1      | Reached XP level 2. HP: 27/27 MP: 1/1
   395 | D:1      | Reached XP level 3. HP: 33/33 MP: 2/2
   725 | D:2      | Noticed Terence
   738 | D:2      | Killed Terence
   788 | D:2      | Reached XP level 4. HP: 40/40 MP: 3/3
   944 | D:2      | Noticed Natasha
   956 | D:2      | Killed Natasha
   956 | D:2      | Reached skill level 1 in Dodging
  1229 | D:2      | Noticed Natasha
  1238 | D:2      | Killed Natasha
  1531 | D:3      | Noticed an ogre
  1541 | D:3      | Killed an ogre
  1541 | D:3      | Reached skill level 5 in Shields
  1541 | D:3      | Reached XP level 5. HP: 19/47 MP: 4/4
  1585 | D:3      | Slain by a gnoll

Vault maps used:
D:1:      saegor_arrival_fortress, patterned_corridor
D:2:      first_bread, uniq_natasha, uniq_terence
D:3:      grunt_dithmenos_smoke

Action                   |  1- 3 |  4- 6 || total
-------------------------+-------+-------++-------
Melee: Flail             |    91 |    55 ||   146
  Use: Scroll            |       |     1 ||     1
  Eat: Chunk             |       |     2 ||     2
